cohdb
Replays
Latest Replays
All Replays
Popular Replays
Top Player Replays
Match Explorer
How It Works
Community
CoH3 Stats
Reddit
Sign in to upload your games and track your stats! →
Sign in with Steam
Match 46352619
Unlisted
Match 46352619
Overview
Messages
Build Orders
End
Kradschützen Motorcycle Team
Selects Italian Combined Arms Battlegroup
Selects Bersaglieri Squad
Bersaglieri Squad
Bersaglieri Squad
Construct Light Support Kompanie
Bersaglieri Squad
Fire Support Elements
Selects Bersaglieri Bolster
Flakvierling Half-track
Vehicle Survival Package
Selects Breda Model 30 Light Machine Guns
T.R. Olvadi
Nico-Nico-Nii~~
bigrat
chochomie
0
0
Comments
sign in to comment!
No comments posted yet!